 Dungeon Crawl Stone Soup version 0.19.4-9-g45fd643 (webtiles) character file.

162 Kosschaser the Shooter (level 5, -2/34 HPs)
             Began as a High Elf Arcane Marksman on Feb 16, 2017.
             Killed from afar by Blork the orc (6 damage)
             ... with a puff of frost
             ... on level 4 of the Dungeon.
             The game lasted 00:20:05 (4029 turns).

Kosschaser the Shooter (High Elf Arcane Marksman)   Turns: 4029, Time: 00:20:06

Health: -2/34      AC:  3    Str: 10    XL:     5   Next: 19%
Magic:  7/9        EV: 13    Int: 16    God:
Gold:   226        SH:  0    Dex: 16    Spells: 2 memorised, 5 levels left

rFire  + . .     SeeInvis .     a - +0 shortbow
rCold  x . .     Gourm    .     e - +0 robe
rNeg   . . .     Faith    .     (shield currently unavailable)
rPois  .         Spirit   .     (no helmet)
rElec  .         Reflect  .     k - +0 cloak
rCorr  .         Harm     .     (no gloves)
MR     .....                    (no boots)
Stlth  +.........               y - amulet of magic regeneration
                                (no ring)
                                u - ring of fire

@: very slightly contaminated
A: no striking features
a: no special abilities


You were on level 4 of the Dungeon.
You were near starving.

You visited 1 branch of the dungeon, and saw 4 of its levels.

You collected 226 gold pieces.

Inventory:

Hand Weapons
 a - a +0 shortbow (weapon)
 p - a +0 short sword
Missiles
 d - 77 arrows (quivered)
Armour
 e - a +0 robe (worn)
 k - a +0 cloak (worn)
Jewellery
 u - a ring of fire (left hand)
 y - an amulet of magic regeneration (around neck)
Wands
 g - a wand of digging (4/24)
 n - a wand of iceblast (8/15)
 t - a wand of random effects (19/48)
 B - a wand of acid (7/15)
Scrolls
 b - 4 scrolls of remove curse
 m - a scroll of amnesia
 o - 2 scrolls of recharging
 q - a scroll of teleportation {unknown}
 s - a scroll of fear {unknown}
 v - 2 scrolls of enchant weapon
 w - 2 scrolls of immolation
 D - 3 scrolls of identify
Potions
 i - 2 potions of flight
 j - a potion of degeneration {unknown}
 l - 2 potions of lignification
 r - a potion of invisibility {unknown}
 x - a potion of heal wounds
 C - a potion of agility
Books
 c - a book of Debilitation

   Spells                             Type                      Level
   a - Corona                         Hexes                        1
   b - Slow                           Hexes                        2
   c - Gell's Gravitas                Hexes/Translocation          3
   d - Inner Flame                    Hexes/Fire                   3
   e - Cause Fear                     Hexes                        4
   f - Leda's Liquefaction            Hexes/Earth                  4
Comestibles
 f - 2 bread rations
 h - 3 fruits
 z - a meat ration
 A - a beef jerky


   Skills:
 + Level 1.9 Fighting
 + Level 1.2 Short Blades
 + Level 5.2 Bows
 + Level 2.7 Dodging
 + Level 2.1 Spellcasting
 + Level 3.5 Hexes


You had 5 spell levels left.
You knew the following spells:

 Your Spells              Type           Power        Failure   Level  Hunger
a - Corona                Hex            ##.....      6%          1    #......
b - Slow                  Hex            ##......     10%         2    ###....


Dungeon Overview and Level Annotations

Branches:
Dungeon (4/15)
 Temple: D:4-7

Altars:
Elyvilon

Annotations:
D:4 Blork the orc


Message History

Press: ? - help, Shift-Dir - straight line, f/p - Blork the orc
Aim: Blork the orc, wielding a flail of protection and wearing a robe (fast+slow, chance to defeat MR: 50%) Blork the orc seems to slow down.
Firing (i - inventory):
d - 79 arrows (quivered)
Press: ? - help, Shift-Dir - straight line, f/p - Blork the orc
Aim: Blork the orc, wielding a flail of protection and wearing a robe (fast+slow)
You shoot an arrow.
The arrow hits Blork the orc but does no damage.
Firing (i - inventory):
d - 78 arrows (quivered)
Press: ? - help, Shift-Dir - straight line, f/p - Blork the orc
Aim: Blork the orc, wielding a flail of protection and wearing a robe (fast+slow)
You shoot an arrow. The arrow barely misses Blork the orc.
Blork the orc casts a spell at you. The magic dart hits you!
Blork the orc casts a spell at you. The puff of frost hits you!
You feel a terrible chill!
* * * LOW HITPOINT WARNING * * *
Blork the orc gestures at you while chanting.
The puff of frost hits you!
You feel a terrible chill!
You die...

### ..# #.# #.# #
######.##.#
#....@....#
.###########o####.####
.....(..(....# #.#
###.#############.#
#.# #....# #.# #.####
#.# #.# #.# #.# #.#
#.# #.#


You could see Blork the orc.

Vanquished Creatures
  Crazy Yiuf (D:2)
  2 gnolls (D:3)
  4 adders
  3 worms
  A dart slug (D:1)
  3 leopard geckos
  3 giant cockroaches
  11 goblins
  7 hobgoblins
  3 jackals (D:1)
  A ball python (D:3)
  9 bats
  5 frilled lizards
  14 kobolds
  3 rats
70 creatures vanquished.

Notes
Turn   | Place    | Note
-------+----------+-------------------------------------------
     0 | D:1      | Kosschaser the High Elf Arcane Marksman began the quest for the Orb.
     0 | D:1      | Reached XP level 1. HP: 13/13 MP: 3/3
   166 | D:1      | Reached skill level 3 in Bows
   235 | D:1      | Reached XP level 2. HP: 15/18 MP: 4/4
   870 | D:1      | Learned a level 2 spell: Slow
   995 | D:1      | Reached XP level 3. HP: 23/23 MP: 5/5
  1242 | D:2      | Reached skill level 4 in Bows
  1921 | D:2      | Reached XP level 4. HP: 28/28 MP: 4/7
  2017 | D:2      | Found a runed door.
  2021 | D:2      | Noticed Crazy Yiuf
  2048 | D:2      | Killed Crazy Yiuf
  2048 | D:2      | Reached skill level 1 in Short Blades
  2996 | D:3      | Reached skill level 5 in Bows
  3268 | D:3      | Found a white marble altar of Elyvilon.
  3320 | D:3      | Reached XP level 5. HP: 34/34 MP: 9/9
  4009 | D:4      | Noticed Blork the orc
  4029 | D:4      | Killed from afar by Blork the orc

Skill      XL: |  1  2  3  4 |
---------------+-------------+-----
Bows           | 3 4 5 |  5.2
Short Blades   | 1 |  1.2
Spellcasting   | 2 |  2.1
Fighting       | |  1.9
Dodging        | |  2.7
Hexes          | |  3.5

Action                   |  1- 3 |  4- 6 || total
-------------------------+-------+-------++-------
Melee: Dagger            |    31 |       ||    31
       Short sword       |    55 |    39 ||    94
 Fire: Shortbow          |    93 |    74 ||   167
 Cast: Corona            |     3 |     8 ||    11
       Slow              |    10 |    15 ||    25
  Use: Potion            |     2 |       ||     2
       Scroll            |       |     7 ||     7
 Stab: Sleeping          |       |     1 ||     1
  Eat: Chunk             |     3 |     7 ||    10
Armor: Robe              |    20 |     6 ||    26
Dodge: Dodged            |    75 |    30 ||   105
